 Dungeon Crawl Stone Soup version 0.28.0-53-g5a82cb258f (webtiles) character file.

Game seed: 13789163507691195406

206740 Peloso the Hoplite (level 18, -13/171 HPs)
             Began as a Minotaur Fighter on Aug 18, 2022.
             Was the Champion of Okawaru.
             Mangled by a nagaraja
             ... wielding a +0 club
              (17 damage)
             ... on level 3 of the Snake Pit.
             The game lasted 01:36:20 (48653 turns).

Peloso the Hoplite (Minotaur Fighter)              Turns: 48653, Time: 01:36:21

Health: -13/171    AC: 24    Str: 29    XL:     18   Next: 45%
Magic:  19/19      EV:  8    Int:  8    God:    Okawaru [******]
Gold:   2499       SH: 31    Dex: 20    Spells: 17/17 levels left

rFire   + . .      SeeInvis +   b - +8 Maxwell's thermic engine {flame, freeze}
rCold   + + .      Faith    .   c - +6 tower shield of Temperance {Str+2 Int+3}
rNeg    . . .      Spirit   .   I - +5 plate armour of Claustrophobia {rElec rPois rC+ Stlth+}
rPois   +          Reflect  .   C - -1 hat of the Elven Halls {rElec rC- Will++ Dex+8}
rElec   +          Harm     .   E - scarf {rC+ rF+}
rCorr   .          Rampage  .   U - +1 pair of gloves
Will    +++..                   (no boots)
Stlth   ..........              (no amulet)
HPRegen 0.38/turn               B - ring of see invisible
MPRegen 0.16/turn               l - ring of protection from cold

@: lethally poisoned (-13 -> -17), about to teleport, slowed, constricted,
studying Throwing, very slow
A: horns 2, retaliatory headbutt
a: Renounce Religion, Heroism, Finesse, Duel


You were on level 3 of the Snake Pit.
You worshipped Okawaru.
Okawaru was exalted by your worship.
You visited 5 branches of the dungeon, and saw 29 of its levels.
You also visited: Sewer and Ice Cave.

You collected 4419 gold pieces.
You spent 1920 gold pieces at shops.

Inventory:

Hand Weapons
 a - the +10 falchion of Revolt {vorpal, rElec}
   (Okawaru gifted it to you on level 1 of the Lair of Beasts)

   It inflicts extra damage upon your enemies.
   rElec:     It insulates you from electricity.
 b - the +8 Maxwell's thermic engine (weapon) {flame, freeze}
   (You found it in an ice cave)

   It burns those it strikes, dealing additional fire damage.
   Big, fiery blades are also staple armaments of hydra-hunters.
   It freezes those it strikes, dealing additional cold damage.
   It can also slow down cold-blooded creatures.
   It becomes more effective when it hits something.
   This effect fades over time.
Armour
 c - the +6 tower shield of Temperance (worn) {Str+2 Int+3}
   (Okawaru gifted it to you on level 4 of the Lair of Beasts)

   Str:       It affects your strength (+2).
   Int:       It affects your intelligence (+3).
 g - +0 fire dragon scales
 t - a +1 hat
 C - the -1 hat of the Elven Halls (worn) {rElec rC- Will++ Dex+8}
   (Okawaru gifted it to you in an ice cave)

   Dex:       It affects your dexterity (+8).
   rC:        It makes you vulnerable to cold.
   rElec:     It insulates you from electricity.
   Will:      It greatly increases your willpower.
 E - a scarf of resistance (worn)
 I - the +5 plate armour of Claustrophobia (worn) {rElec rPois rC+ Stlth+}
   (You bought it in a shop on level 4 of the Dungeon)

   rC:        It protects you from cold.
   rElec:     It insulates you from electricity.
   rPois:     It protects you from poison.
   Stlth:     It makes you more stealthy.
 U - a +1 pair of gloves (worn)
Jewellery
 l - a ring of protection from cold (right hand)
 p - an amulet of guardian spirit
 B - a ring of see invisible (left hand)
 K - a ring of wizardry
 M - a +4 ring of evasion
 N - an amulet of magic regeneration
 P - a ring of flight
 X - a +4 ring of protection
Wands
 h - a wand of polymorph (4)
 n - a wand of paralysis (5)
 u - a wand of acid (5)
 y - a wand of flame (7)
 z - a wand of iceblast (11)
 J - a wand of digging (3)
Scrolls
 e - 3 scrolls of blinking
 i - 3 scrolls of enchant armour
 m - a scroll of brand weapon
 o - 4 scrolls of enchant weapon
 s - 6 scrolls of fear
 v - 10 scrolls of teleportation
 x - 6 scrolls of noise
 D - a scroll of silence
 L - a scroll of fog
 Q - 8 scrolls of identify
 R - 5 scrolls of magic mapping
 T - 9 scrolls of immolation
 W - a scroll of acquirement
Potions
 d - 3 potions of might
 f - 2 potions of brilliance
 j - a potion of cancellation
 k - 7 potions of heal wounds
 q - 2 potions of flight
 r - 8 potions of curing
 w - 4 potions of haste
 F - a potion of invisibility
 G - a potion of magic
 H - 4 potions of mutation
 V - a potion of resistance {unknown}
Miscellaneous
 A - a box of beasts
 O - a tin of tremorstones (2/2)
 S - a lightning rod (4/4)


   Skills:
 + Level 17.8 Fighting
 + Level 20.5 Long Blades
 + Level 17.6 Armour
 + Level 5.9 Dodging
 + Level 3.5 Stealth
 + Level 23.4 Shields
 + Level 3.4 Invocations
 + Level 1.3 Evocations


You had 17 spell levels left.
You didn't know any spells.
Your spell library contained the following spells:

 Spells                   Type           Power      Damage    Failure   Level
 Freeze                   Ice            0%         1d3       97%         1
 Magic Dart               Conj           0%         1d3       97%         1
 Pain                     Necr           0%         1d4       97%         1
 Shock                    Conj/Air       0%         1d3       97%         1
 Blink                    Tloc           0%         N/A       99%         2
 Corpse Rot               Necr/Air       0%         N/A       99%         2
 Ensorcelled Hibernation  Hex/Ice        0%         N/A       99%         2
 Passwall                 Tmut/Erth      0%         N/A       99%         2
 Poisonous Vapours        Pois/Air       0%         N/A       99%         2
 Searing Ray              Conj           0%         2d4       99%         2
 Static Discharge         Conj/Air       0%         N/A       99%         2
 Sublimation of Blood     Necr           0%         N/A       99%         2
 Wereblood                Tmut           0%         N/A       99%         2
 Confusing Touch          Hex            0%         N/A       100%        3
 Dazzling Flash           Conj/Hex       0%         N/A       100%        3
 Frozen Ramparts          Ice            0%         1d2       100%        3
 Gell's Gravitas          Tloc           0%         N/A       100%        3
 Lesser Beckoning         Tloc           0%         N/A       100%        3
 Stone Arrow              Conj/Erth      0%         3d7       100%        3
 Swiftness                Air            0%         N/A       100%        3
 Teleport Other           Tloc           0%         N/A       100%        3
 Vampiric Draining        Necr           0%         2d6       100%        3
 Airstrike                Air            0%         N/A       100%        4
 Flame Wave               Conj/Fire      0%         2d4       100%        4
 Fulminant Prism          Conj/Hex       0%         3d6       100%        4
 Hailstorm                Conj/Ice       0%         3d3       100%        4
 Iskenderun's Mystic Bla  Conj/Tloc      0%         2d3       100%        4
 Leda's Liquefaction      Hex/Erth       0%         N/A       100%        4
 Passage of Golubria      Tloc           0%         N/A       100%        4
 Sticky Flame             Conj/Fire      0%         2d3       100%        4
 Agony                    Necr           0%         N/A       100%        5
 Borgnjor's Vile Clutch   Necr/Erth      0%         N/A       100%        5
 Fireball                 Conj/Fire      0%         3d3       100%        5
 Lee's Rapid Deconstruct  Erth           0%         3d5*      100%        5
 Lightning Bolt           Conj/Air       0%         1d11      100%        5
 Manifold Assault         Tloc           0%         N/A       100%        5
 Silence                  Hex/Air        0%         N/A       100%        5
 Yara's Violent Unravell  Hex/Tmut       0%         3d3       100%        5
 Conjure Ball Lightning   Conj/Air       0%         3x3d6     100%        6
 Statue Form              Tmut/Erth      0%         N/A       100%        6
 Enfeeble                 Hex            0%         N/A       100%        7
 Storm Form               Tmut/Air       0%         N/A       100%        7
 Discord                  Hex            0%         N/A       100%        8
 Disjunction              Tloc           0%         N/A       100%        8
 Lehudib's Crystal Spear  Conj/Erth      0%         10d2      100%        8
 Maxwell's Capacitive Co  Air            0%         ∞         100%        8
 Animate Skeleton         Necr           Unusable   N/A       N/A         1
 Summon Small Mammal      Summ           Unusable   N/A       N/A         1
 Call Canine Familiar     Summ           Unusable   N/A       N/A         3
 Summon Guardian Golem    Hex/Summ       Unusable   N/A       N/A         3
 Tukima's Dance           Hex            Unusable   N/A       N/A         3
 Animate Armour           Summ/Erth      Unusable   N/A       N/A         4
 Animate Dead             Necr           Unusable   N/A       N/A         4
 Death Channel            Necr           Unusable   N/A       N/A         6
 Summon Hydra             Summ           Unusable   N/A       N/A         7

Dungeon Overview and Level Annotations

Branches:
Dungeon (15/15)            Temple (0/1) D:6            Lair (6/6) D:11
 Shoals (0/4) Lair:2        Snake (3/4) Lair:4        Slime (0/5) Lair:6
    Orc (2/2) D:9             Elf (3/3) Orc:2        Vaults (0/5) D:13
 Depths (0/4) D:15          Sewer (visited)           IceCv (visited)

Altars:
Elyvilon
Fedhas
Gozag
Hepliaklqana
Kikubaaqudgha
Makhleb
Okawaru
Sif Muna
Trog
Vehumet
Wu Jian
Zin
Beogh

Shops:
D:4 [   D:5 (   D:7 =   D:8 *   D:11 ((   D:12 (   Orc:2 ([!(   Elf:2 :
Snake:2 ?*[   Snake:3 :*

Annotations:
Lair:5 Casa
Elf:2 3 runed translucent doors


Innate Abilities, Weirdness & Mutations

You have a pair of horns on your head.
You reflexively headbutt those who attack you in melee.


Message History

You kill the naga mage!
Okawaru accepts your kill.
You feel very sick.
You hear a shout!
The nagaraja spits poison at you. The splash of poison hits you.
You are more poisoned.
You have difficulty breathing.
You feel yourself slow down.
The naga mage casts a spell at the naga mage.
The naga mage seems to grow toxic.
The nagaraja hits you but does no damage.
You block the nagaraja's attack.
The salamander hits you from afar with a +0 halberd!!
* * * LOW HITPOINT WARNING * * *
You are engulfed in flames.
You resist.
* * * LOW HITPOINT WARNING * * *
The naga mage points at you and mumbles some strange words.
The bolt of poison hits the naga.
The bolt of poison misses you.
The naga shouts!
Your life force feels restored.
You feel better.
You hear an angry hiss.
The nagaraja hits you with a +0 club!!
* * * LOW HITPOINT WARNING * * *
The nagaraja grabs you. The nagaraja constricts you.
The nagaraja spits poison at you. You block the splash of poison.
The nagaraja hits you but does no damage.
The nagaraja constricts you.
* * * LOW HITPOINT WARNING * * *
You block the salamander's attack.
A nagaraja comes into view. It is wielding a +0 whip.
You block the nagaraja's attack.
The shock serpent bites you but does no damage.
The mana viper bites you but does no damage.
The naga sharpshooter spits poison at you.
The splash of poison hits you but does no damage.
You are lethally poisoned!
You resist. The nagaraja hits you with a +0 club!
You die...

..####.....## #...## #..##...
.......##...## ##.######.####.
.......##....## ##.....###..##..
.......#......####.......##.....#
......##.......................##
#.....##............########.#..#
#.....#............## ##.#.#
#..............SN..# #....
#.............SN@NN# #....
..............N##SN# #....
.(.............#


NSN# #.... ..##........#... S.... ##... .####.......#... N...... #.... ##
##......#### ..##... #)... # ##.....## ..# ..# #.... # #......# N.. .# #....
#......# #.... You could see a naga warrior, 3 nagarajas, a naga sharpshooter
(strong, catching breath), a salamander (strong), a shock serpent, 2 mana
vipers, 2 black mambas, 2 naga magi and 2 nagas.

Vanquished Creatures
  Nikola (Elf:1)
  Jorgrun (D:12)
  2 deep elf blademasters (Elf:3)
  2 deep elf master archers (Elf:3)
  Agnes (Elf:1)
  Gastronok (D:8)
  2 orc warlords (Orc:2)
  9 deep elf sorcerers
  5 deep elf elementalists (Elf:3)
  The ghost of 4FPSwarrior the Destroyer, a journeyman DgCj (Lair:6)
  A reaper (IceCv)
  8 deep elf annihilators
  7 deep elf demonologists
  The ghost of paplaukes the Covert, a journeyman DsBr (Orc:2)
  Snorg (D:11)
  2 deep elf death magi (Elf:3)
  Josephine (Snake:1)
  A fire dragon (D:13)
  4 deep elf high priests (Elf:3)
  11 hydras
  A great orb of eyes (D:13)
  7 boulder beetles
  6 naga warriors
  An ogre mage (D:13)
  8 centaur warriors
  9 anacondas
  Erica (D:8)
  2 catoblepae
  5 two-headed ogres
  11 dancing weapons
  A deep troll shaman (Lair:6)
  The ghost of mistmaker the Zephyrmancer, a journeyman TeAE of Vehumet (D:9)
  A tengu warrior (D:15)
  9 death yaks (Lair:6)
  3 orc high priests
  Urug (Lair:4)
  4 shock serpents
  10 naga sharpshooters
  12 deep elf knights
  3 skeletal warriors (D:13)
  2 salamander mystics (Snake:3)
  A naga ritualist (Snake:1)
  A sea snake (Snake:1)
  A lindwurm (Lair:6)
  An orange crystal statue (D:15)
  9 deep elf archers
  6 mana vipers
  5 orc knights
  A necromancer (D:15)
  9 salamanders
  18 deep elf zephyrmancers
  39 deep elf pyromancers
  3 manticores
  11 cyclopes
  5 oklob plants
  11 ugly things
  5 orc sorcerers
  Maurice (D:8)
  11 naga magi
  28 black mambas
  3 centaur zombies
  3 ice statues
  13 elephants
  3 guardian serpents
  2 gargoyles
  A guardian serpent (shapeshifter) (D:13)
  10 cane toads
  2 torpor snails
  2 hellions (Elf:3)
  3 rime drakes
  3 komodo dragons
  3 efreet
  2 freezing wraiths
  3 tengu conjurers
  An entropy weaver simulacrum (IceCv)
  6 ice devils (IceCv)
  7 trolls
  6 meliai
  A polar bear (shapeshifter) (D:13)
  19 blink frogs
  9 polar bears
  2 slime creatures (D:14)
  4 dream sheep (Lair:6)
  A meliai zombie (D:10)
  2 air elementals
  3 wyverns
  2 shadows
  64 yaks
  4 water elementals
  11 wraiths
  2 vampires
  A dire elephant simulacrum (IceCv)
  A golden eye (shapeshifter) (Orc:2)
  4 vampire mosquitoes (D:14)
  2 steam dragons
  3 basilisks
  A death yak simulacrum (IceCv)
  3 acid dragons
  A harpy simulacrum (IceCv)
  5 wargs
  29 nagas
  12 water moccasins
  42 orc warriors
  9 ice beasts
  A black bear (Lair:2)
  6 necrophages
  10 ogres
  2 sky beasts (D:6)
  15 wolves
  9 boggarts
  27 centaurs
  A phantom (D:7)
  11 bullfrogs
  2 cane toad simulacra
  An earth elemental (Elf:1)
  2 scorpions (D:5)
  5 two-headed ogre simulacra (IceCv)
  A water moccasin zombie (D:6)
  A wyvern skeleton (D:7)
  An elephant simulacrum (IceCv)
  A water moccasin skeleton (D:5)
  5 electric eels
  9 wights (D:10)
  A howler monkey (D:9)
  2 bullfrog zombies (D:5)
  25 orc priests
  3 hounds
  3 jellies
  3 bullfrog skeletons
  5 centaur skeletons
  39 orc wizards
  5 iguanas
  A polar bear simulacrum (IceCv)
  2 troll simulacra (IceCv)
  A killer bee zombie (D:7)
  2 wolf simulacra
  A centaur simulacrum (D:9)
  4 mummies (D:10)
  2 howler monkey zombies
  A killer bee simulacrum (D:9)
  4 gnolls
  14 adders
  A naga simulacrum (IceCv)
  4 river rats
  9 white imps
  An ufetubus (IceCv)
  An adder skeleton (D:4)
  9 worms
  105 orcs
  12 ball pythons
  12 bats
  5 endoplasms
  3 giant cockroaches
  4 goblins
  3 hobgoblins
  6 jackals
  6 kobolds
  7 quokkas
  3 frilled lizards
  8 rats
  2 rat zombies (D:7)
  A bush (Lair:5)
  A fungus (Lair:5)
  A plant (Lair:5)
1068 creatures vanquished.

Vanquished Creatures (others)
  A naga warrior (Snake:2)
  A shock serpent (Lair:4)
  2 deep elf knights (Elf:2)
  A naga mage (Snake:3)
  Prince Ribbit (D:8)
  An orc wizard (D:8)
  An orc (Orc:2)
  A bush (Lair:6)
  17 fungi
  43 plants
  3 toadstools (D:1)
  A withered plant (D:2)
73 creatures vanquished.

Grand Total: 1141 creatures vanquished

Notes
Turn   | Place    | Note
-------+----------+-------------------------------------------
     0 | D:1      | Peloso the Minotaur Fighter began the quest for the Orb.
     0 | D:1      | Reached XP level 1. HP: 19/19 MP: 0/0
    88 | D:1      | Reached skill level 4 in Shields
    88 | D:1      | Reached XP level 2. HP: 23/27 MP: 1/1
  1007 | D:2      | Reached XP level 3. HP: 32/33 MP: 2/2
  1277 | D:2      | Found a faded altar of an unknown god.
  1874 | D:3      | Found a glowing silver altar of Zin.
  1961 | D:3      | Found a radiant altar of Vehumet.
  2051 | D:3      | Reached XP level 4. HP: 41/41 MP: 3/3
  2382 | D:3      | Found an iron altar of Okawaru.
  2428 | D:3      | Found a blossoming altar of Fedhas.
  2484 | D:3      | Became a worshipper of Warmaster Okawaru
  2588 | D:4      | Found a hazy altar of Hepliaklqana.
  2821 | D:4      | Found Ehucekke's Armour Shoppe.
  2989 | D:4      | Reached XP level 5. HP: 47/47 MP: 4/4
  3047 | D:4      | Found a glowing drain.
  3051 | Sewer    | Entered a sewer
  3216 | Sewer    | Reached skill level 5 in Armour
  3530 | Sewer    | Reached skill level 5 in Shields
  3545 | Sewer    | Reached skill level 5 in Fighting
  3545 | Sewer    | Reached XP level 6. HP: 34/56 MP: 5/5
  3820 | Sewer    | Reached skill level 1 in Dodging
  4489 | D:5      | Entered Level 5 of the Dungeon
  4633 | D:5      | Found Golov's Antique Weapon Shoppe.
  4658 | D:5      | Reached skill level 5 in Long Blades
  4662 | D:5      | Reached * piety under Okawaru
  4998 | D:5      | Reached XP level 7. HP: 58/61 MP: 6/6
  5802 | D:5      | Found a bloodstained altar of Trog.
  5802 | D:5      | Noticed a steam dragon
  5972 | D:5      | Killed a steam dragon
  5973 | D:5      | Reached XP level 8. HP: 49/70 MP: 5/7
  6166 | D:6      | Reached ** piety under Okawaru
  6305 | D:6      | Reached skill level 6 in Shields
  6689 | D:6      | Noticed a two-headed ogre
  6697 | D:6      | Found a white marble altar of Elyvilon.
  6733 | D:5      | HP: 1/71 [two-headed ogre/+0 great mace (7)]
  7226 | D:5      | Killed a two-headed ogre
  7226 | D:5      | Reached *** piety under Okawaru
  7414 | D:5      | Reached skill level 7 in Shields
  7414 | D:5      | Reached skill level 1 in Invocations
  7414 | D:5      | Reached XP level 9. HP: 76/78 MP: 6/8
  7906 | D:6      | Found a staircase to the Ecumenical Temple.
  8963 | D:7      | Received a gift from Okawaru
  9145 | D:7      | Found Uguckuar's One-of-a-Kind Rings.
  9438 | D:8      | Noticed a cyclops
  9453 | D:8      | Killed a cyclops
  9454 | D:8      | Reached skill level 10 in Armour
  9454 | D:8      | Reached skill level 8 in Shields
  9636 | D:8      | Found an opulent altar of Gozag.
  9636 | D:8      | Noticed Maurice
  9655 | D:8      | Killed Maurice
  9655 | D:8      | Reached **** piety under Okawaru
 10121 | D:8      | Found Gozag's Platinum Reserve.
 10147 | D:8      | Reached XP level 10. HP: 74/86 MP: 9/9
 10157 | D:8      | Reached skill level 10 in Long Blades
 10161 | D:8      | Reached skill level 1 in Stealth
 10186 | D:8      | Reached skill level 9 in Shields
 10369 | D:8      | Noticed Erica
 10370 | D:8      | Noticed Prince Ribbit
 10393 | D:8      | Killed Prince Ribbit
 10397 | D:8      | Killed Erica
 10782 | D:8      | Noticed Gastronok
 10813 | D:8      | Killed Gastronok
 11393 | D:9      | Noticed mistmaker's ghost (journeyman TeAE)
 11423 | D:9      | Found a staircase to the Orcish Mines.
 11453 | D:9      | Noticed a two-headed ogre
 11466 | D:9      | Killed a two-headed ogre
 11466 | D:9      | Reached ***** piety under Okawaru
 11716 | D:9      | Found a runed translucent gate.
 11717 | D:9      | Found a runed translucent gate.
 11718 | D:9      | Found a runed translucent gate.
 11730 | D:9      | Reached XP level 11. HP: 94/95 MP: 11/11
 11745 | D:9      | Reached skill level 10 in Shields
 11968 | D:9      | Found a burning altar of Makhleb.
 12140 | D:10     | Entered Level 10 of the Dungeon
 12500 | D:10     | Found an ornate altar of the Wu Jian Council.
 12500 | D:10     | Found a shimmering blue altar of Sif Muna.
 13924 | D:4      | Bought the +5 plate armour of Claustrophobia {rElec rPois
                  | rC+ Stlth+} for 760 gold pieces
 14123 | D:7      | Found an ancient bone altar of Kikubaaqudgha.
 14655 | D:11     | Noticed a two-headed ogre
 14665 | D:11     | Killed a two-headed ogre
 14666 | D:11     | Reached skill level 11 in Shields
 15391 | D:11     | You fall into a shaft and drop 2 floors!
 15392 | D:13     | Noticed a red ugly thing
 15671 | D:11     | Found a staircase to the Lair.
 15671 | D:11     | Noticed an oklob plant
 16127 | D:11     | Noticed an orc knight
 16192 | D:11     | Killed an orc knight
 16192 | D:11     | Received a gift from Okawaru
 16401 | D:11     | Found Saowoz's Weapon Emporium.
 16401 | D:11     | Found Kycwesec's Antique Weapon Boutique.
 16781 | D:11     | Killed an oklob plant
 16804 | Lair:1   | Entered Level 1 of the Lair of Beasts
 17227 | Lair:1   | Reached XP level 12. HP: 103/105 MP: 9/12
 17235 | Lair:1   | Identified the +10 falchion of Revolt {vorpal, rElec}
                  | (Okawaru gifted it to you on level 1 of the Lair of Beasts)
 17235 | Lair:1   | Received a gift from Okawaru
 17255 | Lair:1   | Reached skill level 12 in Shields
 17971 | Lair:2   | Noticed an eight-headed hydra
 17990 | Lair:2   | Killed a two-headed hydra
 18005 | Lair:2   | Found a frozen archway.
 18051 | IceCv    | Entered an ice cave
 18186 | IceCv    | Reached skill level 13 in Shields
 18200 | IceCv    | Reached skill level 10 in Fighting
 18554 | IceCv    | Noticed a reaper
 18585 | IceCv    | Identified the -1 hat of the Elven Halls {rElec rC- Will++
                  | Dex+8} (Okawaru gifted it to you in an ice cave)
 18585 | IceCv    | Received a gift from Okawaru
 18592 | IceCv    | Killed a reaper
 18858 | IceCv    | Found the +2 Maxwell's thermic engine {flame, freeze}
 19483 | Lair:2   | Found a staircase to the Shoals.
 19551 | Lair:2   | Identified the +6 battleaxe of Errukejo {holy, rF+ Dex+3
                  | SInv}
 20202 | Lair:3   | Reached XP level 13. HP: 114/114 MP: 14/14
 21025 | Lair:4   | Found a staircase to the Snake Pit.
 21119 | Lair:4   | Reached skill level 15 in Long Blades
 21307 | Lair:4   | Noticed Urug
 21312 | Lair:4   | Killed Urug
 21313 | Lair:4   | Reached skill level 14 in Shields
 21749 | Lair:4   | Reached ****** piety under Okawaru
 21893 | Lair:4   | Identified the +6 tower shield of Temperance {Str+2 Int+3}
                  | (Okawaru gifted it to you on level 4 of the Lair of Beasts)
 21893 | Lair:4   | Received a gift from Okawaru
 22297 | Lair:3   | Identified the +6 dagger of Munae {vorpal, rCorr Int+2}
 22446 | Orc:1    | Entered Level 1 of the Orcish Mines
 22538 | D:9      | Killed mistmaker's ghost
 23260 | Orc:2    | Entered Level 2 of the Orcish Mines
 23816 | Orc:2    | Found a staircase to the Elven Halls.
 23845 | Orc:2    | Noticed an orc warlord
 23871 | Orc:2    | Killed an orc warlord
 23872 | Orc:2    | Reached skill level 15 in Shields
 24058 | Orc:2    | Found a large runed translucent door.
 24058 | Orc:2    | Found a large runed translucent door.
 24420 | Orc:2    | Found Hiron's Antique Weapon Boutique.
 24427 | Orc:2    | Reached XP level 14. HP: 125/125 MP: 15/15
 24669 | Orc:2    | Found Ycaun's Distillery.
 24707 | Orc:2    | Bought a potion of heal wounds for 75 gold pieces
 24707 | Orc:2    | Bought a potion of heal wounds for 75 gold pieces
 24707 | Orc:2    | Bought a potion of mutation for 120 gold pieces
 24726 | Orc:2    | Noticed paplaukes's ghost (journeyman DsBr)
 24951 | Orc:2    | Reached skill level 5 in Dodging
 24995 | Orc:2    | Noticed an orc warlord
 25021 | Orc:2    | Killed an orc warlord
 25201 | Orc:2    | Found Himimor's Antique Weapon Shop.
 25379 | Orc:2    | Found Decisamutz's Antique Armour Boutique.
 25384 | Orc:2    | Bought a brightly glowing chain mail for 266 gold pieces
 25384 | Orc:2    | Identified the +7 chain mail "Anwujuin" {+Inv rF- rC+
                  | Stlth+} (You bought it in a shop on level 2 of the Orcish
                  | Mines)
 25570 | Orc:2    | Killed paplaukes's ghost
 25570 | Orc:2    | Identified the +2 robe of the Echidna {Dex+6} (Okawaru
                  | gifted it to you on level 2 of the Orcish Mines)
 25570 | Orc:2    | Received a gift from Okawaru
 26292 | D:12     | Noticed Snorg
 26310 | D:11     | Killed Snorg
 26788 | D:12     | Noticed Jorgrun
 26828 | D:12     | Killed Jorgrun
 26829 | D:12     | Reached skill level 16 in Shields
 27437 | D:12     | Found Doxorua's Weapon Boutique.
 28623 | Lair:6   | Entered Level 6 of the Lair of Beasts
 28796 | Lair:6   | Reached skill level 17 in Shields
 28886 | Lair:6   | Received a gift from Okawaru
 29207 | Lair:6   | Reached XP level 15. HP: 106/136 MP: 16/16
 29352 | Lair:6   | Found a staircase to the Slime Pits.
 29366 | Lair:6   | Reached skill level 15 in Armour
 29744 | Lair:6   | Found a runed translucent door.
 29744 | Lair:6   | Noticed 4FPSwarrior's ghost (journeyman DgCj)
 29980 | Lair:6   | Reached skill level 18 in Shields
 30032 | Lair:6   | Identified the +7 rapier "Nehysig" {distort, Fragile rElec
                  | rF- rCorr} (Okawaru gifted it to you on level 6 of the Lair
                  | of Beasts)
 30032 | Lair:6   | Received a gift from Okawaru
 30580 | Lair:6   | Killed 4FPSwarrior's ghost
 31427 | D:13     | Found a runed translucent door.
 31428 | D:13     | Found a runed translucent door.
 31766 | D:13     | Found a gate to the Vaults.
 31973 | D:14     | Reached skill level 1 in Evocations
 32372 | D:14     | Received a gift from Okawaru
 32673 | D:14     | Identified the +3 glaive of the Big Bang {vorpal, rN+++
                  | Will- Int-3 SInv} (Okawaru gifted it to you on level 14 of
                  | the Dungeon)
 32673 | D:14     | Received a gift from Okawaru
 33099 | D:15     | Entered Level 15 of the Dungeon
 33762 | D:15     | Reached skill level 19 in Shields
 33823 | D:15     | Found a staircase to the Depths.
 33966 | D:15     | Received a gift from Okawaru
 34339 | D:15     | Reached XP level 16. HP: 147/147 MP: 15/17
 34684 | D:13     | Found a runed translucent door.
 34834 | D:13     | Reached skill level 15 in Fighting
 34849 | D:13     | Identified the +2 helmet "Qyopog" {Str+7 Slay+3 SInv}
 35475 | Elf:1    | Entered Level 1 of the Elven Halls
 35981 | Elf:1    | Received a gift from Okawaru
 36036 | Elf:1    | Reached skill level 20 in Shields
 36417 | Elf:1    | Noticed Agnes
 36436 | Elf:1    | Killed Agnes
 36464 | Elf:1    | Noticed Nikola
 36474 | Elf:1    | Killed Nikola
 37027 | Elf:1    | Got the Volume of Attacks
 37120 | Elf:1    | Received a gift from Okawaru
 37261 | Elf:2    | Noticed a Tzitzimitl
 37422 | Elf:2    | Paralysed by an air elemental for 1 turns
 37425 | Elf:1    | Paralysed by an air elemental for 1 turns
 38176 | Elf:2    | Found Lovezicw's Book Boutique.
 38383 | Elf:2    | Paralysed by an air elemental for 1 turns
 38410 | Elf:2    | Reached XP level 17. HP: 68/158 MP: 18/18
 38753 | Elf:2    | Reached skill level 21 in Shields
 38753 | Elf:2    | Found a runed translucent gate.
 38753 | Elf:2    | Found a runed translucent gate.
 38753 | Elf:2    | Found a runed translucent gate.
 39155 | Elf:3    | Entered Level 3 of the Elven Halls
 39438 | Elf:3    | Received a gift from Okawaru
 39805 | Elf:3    | Found the +6 arbalest "Damnation" {damnation}
 41850 | Elf:3    | Noticed a Hell Sentinel
 42195 | Elf:3    | Noticed a Tzitzimitl
 42346 | Elf:3    | Noticed a deep elf blademaster
 42358 | Elf:3    | Killed a deep elf blademaster
 42358 | Elf:3    | Identified the -4 pair of gloves of Fibaerchulu {Will+}
                  | (Okawaru gifted it to you on level 3 of the Elven Halls)
 42358 | Elf:3    | Received a gift from Okawaru
 43006 | Elf:3    | Noticed a deep elf blademaster
 43007 | Elf:3    | Noticed a deep elf master archer
 43019 | Elf:3    | Killed a deep elf blademaster
 43561 | Elf:3    | Killed a deep elf master archer
 43730 | Elf:3    | Noticed a deep elf master archer
 43745 | Elf:3    | Killed a deep elf master archer
 43759 | Elf:3    | Got the Grimoire of Lightness
 43857 | Elf:3    | Got the Almanac of Combat Magic
 43861 | Elf:3    | Identified the +5 short sword "Votsemuf" {vorpal, rElec
                  | rPois rC- Stlth-}
 43862 | Elf:3    | Identified the +10 shortbow of the Dungeon {vorpal, Will++
                  | Int-3 Dex+4}
 44229 | Snake:1  | Entered Level 1 of the Snake Pit
 44250 | Lair:4   | Reached skill level 22 in Shields
 45274 | Snake:1  | Noticed Josephine
 45285 | Snake:1  | Killed Josephine
 45285 | Snake:1  | Identified the +1 hat "Temooxzi" {Contam Drain +Inv Dex+8}
                  | (Okawaru gifted it to you on level 1 of the Snake Pit)
 45285 | Snake:1  | Received a gift from Okawaru
 45604 | Snake:1  | Reached XP level 18. HP: 165/165 MP: 19/19
 46216 | Snake:2  | Found Mugir's Armour Shop.
 46594 | Snake:2  | Found Ufeirgh's Magic Scroll Shop.
 46613 | Snake:2  | Bought a scroll of acquirement for 624 gold pieces
 46647 | Snake:2  | Found Vijis's Assorted Antiques.
 46669 | Snake:2  | Reached skill level 23 in Shields
 46843 | Snake:2  | Found Xetucsutho's Assorted Antiques.
 47564 | Snake:3  | Identified the +1 leather armour of Foufayci {rN++ Int+5}
 47693 | Snake:3  | Identified the +1 scale mail of Usybli {rF+ Will+}
 48306 | Snake:3  | Found Dezareics's Assorted Antiques.
 48314 | Snake:3  | Found Faseafri's Book Boutique.
 48653 | Snake:3  | HP: 6/171 [nagaraja/+0 club (19)]
 48653 | Snake:3  | Mangled by a nagaraja

Illustrated notes

Levels and vault maps discovered:
D:1:      dpeg_arrival_orchard, layout_loops_corners, minmay_gold_behind_fungi
D:2:      layout_basic, shapermc_ecumenical_altar_flowoftime,
          hangedman_feature_mirror
D:3:      layout_loops_ring, nicolae_vehumet_radiance,
          mainiacjoe_overflow_brackets, fedhas_altar_3, amcnicky_altar_gilded
D:4:      layout_loops_cross, lemuel_crystal_altar, serial_shops,
          kennysheep_little_box, gup_sewer_entry_spiral
D:5:      layout_loops_corners, trog_antimagical, serial_shops,
          nicolae_shop_overgrown_old_shop, roderic_roman_lattice
D:6:      layout_layer_cave, elyvilon_altar_4, minmay_temple_entry_stoned_glass,
          bh_walls_and_bars
D:7:      layout_loops_ring, lemuel_zombie_altar_kikubaaqudgha,
          minmay_door_square, serial_bayou_ford_a, minivault_5,
          kennysheep_another_room, nicolae_shop_unique_rings, dk_noncrumbling_4
D:8:      layout_gridville, nicolae_gozag_zags_fifth_avenue, uniq_erica,
          uniq_prince_ribbit1, uniq_gastronok, uniq_maurice
D:9:      layout_cross, lemuel_doored_altar, orc_0_dummy, gammafunk_ghost_icy
D:10:     layout_irregular_city, mainiacjoe_overflow_large_starburst,
          serial_undead, serial_undead_e, serial_undead_f, serial_undead_a,
          serial_undead_b, serial_undead_b, serial_undead_a, serial_undead_a
D:11:     layout_gridville, dpeg_oklobed_lair, hangedman_decor_push,
          nicolae_wooded_promenade
D:12:     layout_basic, serial_shops, nicolae_lakefront_shop, uniq_snorg,
          uniq_jorgrun
D:13:     minmay_the_grid_triangle_9x9_rhombus_full
          [minmay_the_grid_triangle_9x9_zippers_vertical,
          minmay_the_grid_triangle_9x9_descending_squares,
          minmay_the_grid_triangle_9x9_swiss_cheese,
          minmay_the_grid_triangle_9x9_empty,
          minmay_the_grid_triangle_9x9_tough_junction,
          minmay_the_grid_triangle_9x9_dagger,
          minmay_the_grid_triangle_9x9_subtriangle,
          minmay_the_grid_triangle_9x9_prize_center], layout_rooms,
          david_vaults_4
D:14:     layout_basic, drop_trap
D:15:     grunt_enter_depths_magical_seal, layout_rooms, minivault_16
Lair:1:   layout_roguey, infiniplex_staircase_pool
Lair:2:   layout_cave_pods, minmay_shoals_entry_centaurs,
          portal_ice_cave_entry_ice_simulacra
Lair:3:   layout_loops_ring, ice2_lemuel
Lair:4:   layout_cave_pods, guppyfry_snake_entry_island, uniq_urug
Lair:5:   layout_hall_layers
Lair:6:   grunt_lair_end_beastmaster, layout_cave_pods,
          minmay_slime_entry_oklob_open, hellmonk_ghost_happy_afterlife
Snake:1:  dpeg_oklob_gauntlet, layout_rooms, serial_bayou_pond_c,
          lemuel_fruit_tree, grunt_megastairs_4, uniq_josephine
Snake:2:  layout_misc_corridors, serial_shops, nicolae_take_the_stairs, shop,
          shop, nicolae_shop_behind_doors
Snake:3:  layout_layer_cave, nicolae_snake_storage_room, minmay_shoptagon
Orc:1:    layout_caves
Orc:2:    grunt_orc_community_town_hall, layout_diamond_mine,
          grunt_orc_community_big_house_1, grunt_orc_community_big_house_1,
          grunt_orc_community_house_1, grunt_orc_community_house_3,
          grunt_orc_community_house_2, grunt_orc_community_house_2,
          grunt_orc_community_house_3, grunt_orc_community_house_1,
          ebering_ghost_disaster_area
Elf:1:    minmay_elf_arrival_summoners, layout_loops_cross,
          minmay_elf_annihilation, uniq_nikola, uniq_agnes
Elf:2:    elven_hall_of_blades_hangedman_original [nicolae_blade_tridents],
          layout_loops_cross, serial_shops, shop
Elf:3:    elf_hall_gauntlet_wide, layout_geoelf_castle,
          hellmonk_guarded_unrand_damnation

Skill      XL: |  1  2  3  4  5  6  7  8  9 10 11 12 13 14 15 16 17 18 |
---------------+-------------------------------------------------------+-----
Shields        | 4 5 7 8 9 11 13 15 17 19 20 22 23 | 23.4
Armour         | 4 5 6 8 10 11 12 13 14 15 16 17 | 17.6
Fighting       | 4 5 6 7 8 9 10 11 13 14 16 17 | 17.8
Long Blades    | 3 4 5 6 8 9 11 13 14 16 17 18 19 20 | 20.5
Dodging        | 1 2 3 4 5 |  5.9
Invocations    | 1 2 3 |  3.4
Stealth        | 1 2 3 |  3.5
Evocations     | 1 |  1.3

Action                   |  1- 3 |  4- 6 |  7- 9 | 10-12 | 13-15 | 16-18 || total
-------------------------+-------+-------+-------+-------+-------+-------++-------
Melee: Long sword        |    94 |   197 |   107 |       |       |       ||   398
       Headbutt          |    14 |    30 |    62 |   193 |   249 |   227 ||   775
       Falchion          |       |       |   134 |   760 |       |       ||   894
       Double sword      |       |       |       |    64 |  1233 |   922 ||  2219
Invok: Heroism           |       |       |    10 |    21 |     9 |     7 ||    47
Evoke: Wand              |       |       |       |     2 |     2 |       ||     4
  Use: Scroll            |     3 |     7 |     1 |     9 |     6 |     6 ||    32
       Potion            |       |     4 |     2 |     3 |     3 |     4 ||    16
 Stab: Petrified         |       |       |       |       |     8 |       ||     8
Armor: Scale mail        |    34 |       |       |       |       |       ||    34
       Chain mail        |     3 |   165 |   121 |   100 |       |       ||   389
       Skin              |       |       |       |     1 |       |       ||     1
       Plate armour      |       |       |       |   198 |   602 |   215 ||  1015
       Ice dragon scales |       |       |       |     1 |       |       ||     1
Dodge: Dodged            |    43 |   103 |    48 |   142 |   274 |   175 ||   785
Block: Buckler           |    21 |    73 |     2 |    24 |       |       ||   120
       Tower shield      |       |       |   190 |   548 |  1547 |  1173 ||  3458
